 Dungeon Crawl Stone Soup version 0.31.0-32-g396128a36d (webtiles) character file.

Game seed: 4390499018086621726

11169 wakim the Mimic (level 11, -2/77 (89) HPs)
             Began as a Merfolk Shapeshifter on Apr 14, 2024.
             Was a Priest of Qazlal.
             Slain by a spectral orc warrior
             ... wielding a +0 trident
             ... summoned by Nergalle
              (3 damage)
             ... on level 10 of the Dungeon.
             The game lasted 00:46:05 (12121 turns).

wakim the Mimic (Merfolk Shapeshifter)             Turns: 12121, Time: 00:46:06

HP:   -2/77 (89)    AC:  1    Str: 16    XL:     11   Next: 73%
MP:   11/16         EV: 18    Int: 10    God:    Qazlal [***...]
Gold: 446           SH:  9    Dex: 16    Spells: 10/10 levels left

rFire   . .          .
                       - Unarmed
rCold   . . .        (no shield)
rNeg    . . .        o - melded +3 leather armour
rPois   .            (no helmet)
rElec   .            (no cloak)
rCorr   .            (no gloves)
SInv    .            F - +0 pair of boots
Will    .....        m - amulet of reflection
Stlth   +            t - +5 ring of evasion
HPRegen 0.32/turn    (no ring)
MPRegen 0.15/turn

%: reflection
@: maw-form, heavily drained
A: devouring maw, (nimble swimmer 2), mertail
a: Begin Untransformation, Renounce Religion, Upheaval, Elemental Force


You were on level 10 of the Dungeon.
You worshipped Qazlal.
Qazlal was most pleased with you.
You were a creature with a mouth for a stomach.
You visited 1 branch of the dungeon, and saw 10 of its levels.
You also visited: Ossuary.

You collected 446 gold pieces.

Inventory:

Hand Weapons
 b - a +1 sling of freezing
Missiles
 f - 13 poisoned darts (quivered)
 p - 61 stones
 w - a throwing net
Armour
 o - a +3 leather armour (melded)
 y - +0 steam dragon scales
 F - a +0 pair of boots (worn)
Jewellery
 m - an amulet of reflection (around neck)
 t - a +5 ring of evasion (left hand)
 A - a ring of wizardry
 E - a ring of see invisible
Talismans
 a - a maw talisman (active)
 c - a beast talisman
 d - a flux talisman
Wands
 e - a wand of flame (17)
 j - a wand of charming (7)
Scrolls
 g - 2 scrolls of torment
 h - a scroll of identify
 n - a scroll of fear
 s - 8 scrolls of teleportation
 u - 2 scrolls of blinking
 G - a scroll of amnesia
Potions
 i - 2 potions of enlightenment
 k - a potion of brilliance
 l - a potion of haste
 q - 4 potions of curing
 r - a potion of invisibility
 v - 4 potions of magic
 x - a potion of ambrosia {unknown}
 z - a potion of attraction {unknown}
 B - a potion of resistance {unknown}
 C - a potion of might
 D - 2 potions of lignification


   Skills:
 + Level 9.5 Fighting
 - Level 2.6 Dodging
 + Level 10.1 Unarmed Combat
 + Level 7.8 Invocations
 * Level 14.2 Shapeshifting


You had 10 spell levels left.
You didn't know any spells.
Your spell library contained the following spells:

 Spells                   Type           Power      Damage    Failure   Level
 Blink                    Tloc           0%         N/A       50%         2
 Cigotuvi's Dreadful Rot  Necr/Alch/Air  0%         N/A       50%         2
 Lesser Beckoning         Tloc           0%         N/A       50%         2
 Momentum Strike          Conj/Tloc      0%         3d8       50%         2
 Scorch                   Fire           0%         2d5       50%         2
 Gell's Gravitas          Tloc           0%         N/A       75%         3
 Inner Flame              Hex/Fire       0%         N/A       75%         3
 Teleport Other           Tloc           0%         N/A       75%         3
 Tukima's Dance           Hex            0%         N/A       75%         3
 Flame Wave               Conj/Fire      0%         2d4       98%         4
 Ignite Poison            Fire/Alch      0%         N/A       98%         4
 Passage of Golubria      Tloc           0%         N/A       98%         4
 Freezing Cloud           Conj/Ice/Air   0%         6-21      100%        5
 Irradiate                Conj/Alch      0%         3d11      100%        5
 Yara's Violent Unravell  Hex/Alch       0%         3d3       100%        5
 Summon Cactus Giant      Summ           0%         N/A       100%        6
 Ignition                 Fire           0%         3d3       100%        8


Dungeon Overview and Level Annotations

Branches:
Dungeon (10/15)            Temple (0/1) D:6            Lair (0/5) D:9
Ossuary (visited)
    Orc: D:9-12

Altars:
Ashenzari
Dithmenos
Elyvilon
Fedhas
Makhleb
Nemelex Xobeh
Okawaru
Qazlal
Ru
Sif Muna
Trog
Uskayaw
Vehumet
Wu Jian
Yredelemnul
Zin

Shops:
D:6 *((

Annotations:
D:9 Erolcha
D:10 Nergalle


Innate Abilities, Weirdness & Mutations

You are a creature with a mouth for a stomach.
Your midsection houses a second, enormous mouth.
((You are very nimble when in or above water. (Stealth+, EV+, Speed+++)))
Your lower body shifts to a powerful aquatic tail in water.


Message History

Nergalle mutters something.
You block Nergalle's attack.
The spectral orc warrior completely misses you.
The spectral orc warrior closely misses you.
The spectral orc warrior misses you.
The spectral orc warrior closely misses you.
You completely miss Nergalle. You bite Nergalle!
Nergalle is severely wounded.
Nergalle barely misses you.
The spectral orc warrior hits you with a +0 scimitar!
The spectral orc warrior misses you.
You hit Nergalle.
Nergalle is severely wounded.
The spectral orc warrior hits you from afar with a +0 trident!
The spectral orc warrior completely misses you.
You block the spectral orc warrior's attack.
Nergalle hits you with a +0 dagger!
Unknown command.
You hit Nergalle. You bite Nergalle, but do no damage.
Nergalle is severely wounded.
The spectral orc warrior misses you.
You block the spectral orc warrior's attack.
The spectral orc warrior hits you from afar with a +0 trident!
* * * LOW HITPOINT WARNING * * *
You feel drained.
* * * LOW HITPOINT WARNING * * *
The spectral orc warrior misses you. Nergalle hits you with a +0 dagger.
* * * LOW HITPOINT WARNING * * *
Okay, then.
Okay, then.
You punch Nergalle!
Nergalle is almost dead.
You block the spectral orc warrior's attack.
The spectral orc warrior closely misses you.
The spectral orc warrior is engulfed in freezing vapours.
The spectral orc warrior barely misses you.
The spectral orc warrior hits you from afar with a +0 trident!
* * * LOW HITPOINT WARNING * * *
You feel drained.
You die...

..# #.# .##
#.# #.# #.#
# #.# ..##
###'####
.'..
#.Z....#
#..#Z.....#
#koWZ....#
###.Z....#
########


You could see Nergalle, 4 spectral orc warriors and a wyvern.

Vanquished Creatures
  3 two-headed ogres (D:10)
  Joseph (D:10)
  2 komodo dragons
  A kobold demonologist (D:9)
  A queen bee (D:8)
  3 hornets
  Grinder (D:3)
  12 yaks
  2 wyverns (D:9)
  A basilisk (D:9)
  A wraith (D:10)
  4 steam dragons
  An acid dragon (D:10)
  A water moccasin (D:9)
  An orc warrior (D:9)
  2 ice beasts
  4 centaurs
  2 phantoms
  A weeping skull (Ossuary)
  A kobold brigand (D:10)
  Blork the orc (D:5)
  3 bullfrogs
  2 scorpions
  5 water moccasin zombies (Ossuary)
  4 wights (D:5)
  19 killer bees
  5 howler monkeys
  5 bombardier beetles
  A hound (D:5)
  3 jellies
  12 orc priests
  A spectral scorpion (Ossuary)
  Ijyb (D:3)
  2 gnoll boudas
  2 scorpion zombies (D:4)
  Terence (D:3)
  6 iguanas
  2 sleepcaps
  5 orc wizards
  A crocodile zombie (Ossuary)
  2 mummies (Ossuary)
  6 gnolls
  9 adders
  A shadow imp (D:6)
  2 ufetubi (D:4)
  8 adder zombies
  2 dart slugs
  A ribbon worm (D:2)
  40 orcs
  9 endoplasms
  4 giant cockroaches
  9 goblins
  12 hobgoblins
  7 jackals
  5 quokkas
  9 ball pythons
  4 bats
  4 frilled lizards
  11 gnoll zombies (Ossuary)
  4 jackal zombies (Ossuary)
  11 kobolds
  7 orc zombies (Ossuary)
  6 rats
299 creatures vanquished.

Notes
Turn   | Place    | Note
-------+----------+-------------------------------------------
     0 | D:1      | wakim the Merfolk Shapeshifter began the quest for the Orb.
     0 | D:1      | Reached XP level 1. HP: 15/15 MP: 1/1
   153 | D:1      | Reached XP level 2. HP: 21/21 MP: 2/2
   373 | D:1      | Reached XP level 3. HP: 25/27 MP: 3/3
   936 | D:2      | Reached skill level 5 in Shapeshifting
   997 | D:2      | Reached XP level 4. HP: 33/33 MP: 4/4
  1949 | D:3      | Noticed Ijyb
  1968 | D:3      | Killed Ijyb
  1969 | D:3      | Reached XP level 5. HP: 15/39 MP: 5/5
  2128 | D:3      | Noticed Terence
  2134 | D:3      | Killed Terence
  2207 | D:3      | Reached skill level 6 in Shapeshifting
  2230 | D:3      | Found a stormy altar of Qazlal.
  2231 | D:3      | Found a white marble altar of Elyvilon.
  2336 | D:3      | Found a hide-covered altar of Uskayaw.
  2337 | D:3      | Found a bloodstained altar of Trog.
  2339 | D:3      | Found a radiant altar of Vehumet.
  2339 | D:3      | Found a shimmering blue altar of Sif Muna.
  2351 | D:3      | Found an ornate altar of the Wu Jian Council.
  2354 | D:3      | Found a broken altar of Ashenzari.
  2518 | D:3      | Reached XP level 6. HP: 47/47 MP: 6/6
  2518 | D:3      | Noticed Grinder
  2546 | D:3      | Paralysed by Grinder for 4 turns
  2845 | D:3      | Found a faded altar of an unknown god.
  2863 | D:3      | Reached skill level 7 in Shapeshifting
  3164 | D:4      | Reached skill level 5 in Unarmed Combat
  3327 | D:4      | HP: 2/48 [gnoll/+0 spear[a gnoll bouda] (8)]
  3328 | D:4      | Reached XP level 7. HP: 2/54 MP: 7/7
  4221 | D:3      | Became a worshipper of Qazlal Stormbringer
  4223 | D:3      | Paralysed by Grinder for 3 turns
  4242 | D:3      | Killed Grinder
  4243 | D:3      | Reached skill level 5 in Fighting
  4440 | D:4      | Reached XP level 8. HP: 62/62 MP: 8/8
  4704 | D:4      | Reached skill level 8 in Shapeshifting
  4705 | D:4      | Reached skill level 1 in Invocations
  4856 | D:4      | Found a basalt altar of Yredelemnul.
  5024 | D:4      | Found a sparkling altar of Nemelex Xobeh.
  5025 | D:4      | Found a glowing silver altar of Zin.
  5026 | D:4      | Found a sacrificial altar of Ru.
  5061 | D:5      | Entered Level 5 of the Dungeon
  5248 | D:5      | Reached * piety under Qazlal
  5262 | D:5      | HP: 3/62 [wight/+1 long sword (12)]
  5483 | D:5      | Reached skill level 9 in Shapeshifting
  5679 | D:5      | Reached XP level 9. HP: 57/69 MP: 11/11
  6146 | D:5      | Noticed Blork the orc
  6163 | D:5      | Killed Blork the orc
  6558 | D:6      | Found Misusago's Weapon Emporium.
  6610 | D:6      | Found a sand-covered staircase.
  6615 | Ossuary  | Entered an ossuary
  6682 | Ossuary  | Reached skill level 10 in Shapeshifting
  6690 | Ossuary  | Reached ** piety under Qazlal
  7041 | D:6      | Identified the +4 dagger of Ancient Evil {chaos, *Noise
                  | rElec rC+ Will+}
  7053 | D:6      | Found Boubih's Assorted Antiques.
  7082 | D:6      | Found a staircase to the Ecumenical Temple.
  7275 | D:6      | Found Zomum's Weapon Emporium.
  7366 | D:6      | Found a burning altar of Makhleb.
  7674 | D:7      | Noticed a komodo dragon
  7682 | D:7      | Killed a komodo dragon
  7754 | D:7      | Noticed a hornet
  7769 | D:7      | Killed a hornet
  7769 | D:7      | Reached *** piety under Qazlal
  7775 | D:7      | Reached skill level 11 in Shapeshifting
  7904 | D:7      | Reached XP level 10. HP: 33/79 MP: 13/13
  7913 | D:7      | Reached skill level 5 in Invocations
  8261 | D:7      | Found a shadowy altar of Dithmenos.
  8356 | D:7      | Found a blossoming altar of Fedhas.
  9015 | D:8      | Reached skill level 12 in Shapeshifting
  9618 | D:8      | Found an iron altar of Okawaru.
  9841 | D:9      | Noticed a kobold demonologist
  9863 | D:9      | Killed a kobold demonologist
  9890 | D:9      | Reached **** piety under Qazlal
  9905 | D:9      | Reached XP level 11. HP: 84/87 MP: 15/15
  9910 | D:9      | Noticed Erolcha
  9923 | D:9      | Reached skill level 13 in Shapeshifting
 10451 | D:9      | Found a staircase to the Lair.
 10816 | D:10     | Entered Level 10 of the Dungeon
 10854 | D:10     | Noticed Joseph
 10865 | D:10     | Killed Joseph
 11263 | D:10     | Noticed a two-headed ogre
 11272 | D:10     | Killed a two-headed ogre
 11521 | D:10     | Noticed a two-headed ogre
 11543 | D:10     | Killed a two-headed ogre
 11544 | D:10     | Reached skill level 14 in Shapeshifting
 11747 | D:10     | Noticed a two-headed ogre
 11758 | D:10     | Killed a two-headed ogre
 11759 | D:10     | Reached skill level 10 in Unarmed Combat
 12106 | D:10     | Noticed Nergalle
 12121 | D:10     | HP: 1/80 [spectral orc warrior/+0 trident[Nergalle] (8)]
 12121 | D:10     | Slain by a spectral orc warrior

Illustrated notes

Levels and vault maps discovered:
D:1:      dpeg_arrival_tiny_h, layout_rooms
D:2:      wad_crossroads, layout_basic
D:3:      layout_basic, nicolae_overflow_hallway_of_the_gods,
          dreamdust_ecumenical_altar_grove, minmay_misc_feat_four_crosses,
          minmay_misc_feat_nine_boxes, minmay_misc_feat_tower,
          kennysheep_potato, uniq_terence, uniq_grinder, uniq_ijyb
D:4:      layout_loops_corners, minitemple, nicolae_yredelemnul_corpse_copse
D:5:      layout_loops_cross, grunt_ministairs_2, uniq_blork_the_orc
D:6:      layout_loops_ring, lemuel_crystal_altar,
          minmay_temple_entry_junction_2, nicolae_ossuary_entry_plus,
          serial_shops, shop, nicolae_shop_hallway_plus, shop,
          minmay_misc_feat_tiny
D:7:      layout_basic, grunt_dithmenos_smoke, lemuel_round_altar
D:8:      layout_loops_ring, lemuel_round_altar, nicolae_looking_at_the_future
D:9:      layout_loops_ring, minmay_lair_entry_grove, hiddenorc2_lemuel,
          grunt_ministairs_12, uniq_erolcha, uniq_maurice
D:10:     layout_roguey, uniq_joseph, uniq_nergalle

Skill      XL: |  1  2  3  4  5  6  7  8  9 10 11 |
---------------+----------------------------------+-----
Fighting       | 2 3 4 5 6 7 8 9 |  9.5
Shapeshifting  | 5 6 7 9 11 12 14 | 14.2
Unarmed Combat | 4 5 6 7 8 9 10 | 10.1
Invocations    | 3 4 6 7 |  7.8
Dodging        | |  2.6

Action                     |  1- 3 |  4- 6 |  7- 9 | 10-12 || total
---------------------------+-------+-------+-------+-------++-------
  Melee: Unarmed           |    96 |   201 |   442 |   274 ||  1013
         Punch             |     1 |     5 |    19 |    21 ||    46
         Maw               |       |       |    58 |   113 ||   171
   Fire: Sling             |       |       |       |    43 ||    43
  Throw: Stone             |       |     4 |     1 |       ||     5
         Dart              |       |     2 |     3 |     4 ||     9
 Invoke: Upheaval          |       |       |       |     5 ||     5
  Evoke: Wand              |       |     3 |     5 |       ||     8
    Use: Scroll            |       |    11 |     7 |     2 ||    20
         Potion            |       |     2 |     1 |     3 ||     6
 Armour: Leather armour    |    27 |       |    95 |       ||   122
         Ring mail         |    17 |    78 |       |       ||    95
         Skin              |       |    13 |    43 |   129 ||   185
  Dodge: Dodged            |    48 |   104 |   208 |   200 ||   560
  Block: Other             |       |       |    64 |   103 ||   167
         Reflection        |       |       |     1 |     1 ||     2
   Form: Beast             |     1 |       |     2 |       ||     3
         Flux              |       |     1 |     1 |       ||     2
         Maw               |       |       |     1 |       ||     1
